 Dungeon Crawl Stone Soup version 0.21-a0-154-gb5400c9 (webtiles) character file.

114 KarmaPolice the Charmwright (level 4, 0/37 HPs)
             Began as a Barachi Skald on Aug 2, 2017.
             Slain by Crazy Yiuf
             ... wielding a +2 quarterstaff of chaos
              (4 damage)
             ... on level 3 of the Dungeon on Aug 3, 2017.
             The game lasted 00:13:28 (3203 turns).

KarmaPolice the Charmwright (Barachi Skald)         Turns: 3203, Time: 00:13:29

Health: 0/37       AC:  3    Str: 13    XL:     4   Next: 97%
Magic:  8/8        EV: 12    Int: 13    God:
Gold:   93         SH:  0    Dex: 12    Spells: 4/9 levels left

rFire    . . .     SeeInvis .   a - +0 falchion
rCold    . . .     Gourm    .   (no shield)
rNeg     + . .     Faith    .   b - +0 leather armour
rPois    .         Spirit   .   (no helmet)
rElec    .         Reflect  .   (no cloak)
rCorr    .         Harm     .   (no gloves)
MR       .....                  (no boots)
Stlth    ++........             (no amulet)
HPRegen  0.12/turn              n - ring of positive energy
MPRegen  0.11/turn              w - ring of stealth

@: slow
A: +LOS, swims, slowness 1, strong legs 1
a: Hop


You were on level 3 of the Dungeon.
You were very hungry.

You visited 1 branch of the dungeon, and saw 3 of its levels.

You collected 93 gold pieces.

Inventory:

Hand Weapons
 a - a +0 falchion (weapon)
Armour
 b - a +0 leather armour (worn)
Jewellery
 n - a ring of positive energy (left hand)
 s - an uncursed ring of positive energy
 w - a ring of stealth (right hand)
Wands
 p - a wand of iceblast (4/15)
Scrolls
 e - 2 scrolls of teleportation {unknown}
 h - 4 scrolls of identify {unknown}
 j - 2 scrolls of remove curse {unknown}
 m - a scroll of blinking {unknown}
 o - a scroll of magic mapping {unknown}
 t - 3 scrolls of fog {unknown}
Potions
 g - a potion of degeneration {unknown}
 i - a potion of curing {unknown}
 k - a potion of resistance {unknown}
 l - a potion of agility {unknown}
 r - a potion of berserk rage {unknown}
 u - a potion of lignification {unknown}
 x - a potion of ambrosia {unknown}
Books
 c - a book of Battle

   Spells                             Type                      Level
   a - Infusion                       Charms                       1
   b - Shroud of Golubria             Charms/Translocation         2
   c - Song of Slaying                Charms                       2
   d - Spectral Weapon                Hexes/Charms                 3
   e - Regeneration                   Charms/Necromancy            3
Comestibles
 d - 4 bread rations
 f - 8 fruits
 q - a meat ration
 v - a royal jelly


   Skills:
 + Level 3.7 Fighting
 + Level 3.4 Long Blades
 - Level 1.2 Armour
 - Level 2.1 Dodging
 - Level 3.0 Spellcasting
 + Level 4.0 Charms
 + Level 1.0 Translocations


You had 4 spell levels left.
You knew the following spells:

 Your Spells              Type           Power        Failure   Level  Hunger
a - Infusion              Chrm           ##..         5%          1    #......
b - Shroud of Golubria    Chrm/Tloc      #.........   16%         2    ###....
c - Song of Slaying       Chrm           ##......     9%          2    ###....


Dungeon Overview and Level Annotations

Branches:
Dungeon (3/15)

Altars:
Ashenzari
Gozag
Nemelex Xobeh
Ru
The Shining One

Annotations:
D:3 Crazy Yiuf


Innate Abilities, Weirdness & Mutations

Shadows flee at your approach. (+LOS)
You can swim through water.
You cover ground slowly.
You can hop short distances.


Message History

You are too injured to fight recklessly!
You are too injured to fight recklessly!
You are too injured to fight recklessly!
Press: ? - help, v - describe, . - travel
Here: Crazy Yiuf, wielding a quarterstaff of chaos and wearing a runed cloak The floor.
Okay, then.
Crazy Yiuf hits you but does no damage. Crazy Yiuf barely misses you.
Your magical infusion is running out.
You are feeling very hungry.
Crazy Yiuf yells, "Gum!
Ten light hand."
You are no longer magically infusing your attacks.
Crazy Yiuf whimpers, "Trifle!
Ghoul poople koolooloo."
Crazy Yiuf closely misses you.
You riposte.
You completely miss Crazy Yiuf.
Crazy Yiuf yells, "Goober senile leg!"
Crazy Yiuf hits you with a quarterstaff of chaos!
* * * LOW HITPOINT WARNING * * *
Crazy Yiuf freezes you.
You die...

#### ♣♣♣.♣...#.....# #.......#
♣♣♣♣♣##...>.# #.#...#.# #.....#
#.#.#.#.# ### ###....# #(#...#.#
#.###.#....# #...>...#
##.#.##....# #.#.###.#
#......##.# #.......#
##.#..g....# ###.##### #######
#.....@.########.# ......#
###...#.#........#.# .####.#
#.....[....#####.#.# .####.#
#.......#..#####.#.#
<...#.###.......#..##......#
.##.#..####...........##.########
.##.#..# #...#....#####...)....#
..)....## #....<..........##.##..
.##.#...# ######...######.##.##..


You could see Crazy Yiuf.

Vanquished Creatures
  Ijyb (D:3)
  3 adders (D:2)
  4 worms
  3 dart slugs
  A leopard gecko (D:2)
  7 bats
  2 giant cockroaches
  3 goblins
  6 hobgoblins
  A ball python (D:2)
  5 frilled lizards
  5 kobolds
  9 rats
50 creatures vanquished.

Notes
Turn   | Place    | Note
-------+----------+-------------------------------------------
     0 | D:1      | KarmaPolice the Barachi Skald began the quest for the Orb.
     0 | D:1      | Reached XP level 1. HP: 17/17 MP: 3/3
   149 | D:1      | Reached XP level 2. HP: 13/23 MP: 5/5
   418 | D:1      | Learned a level 2 spell: Shroud of Golubria
  1091 | D:2      | Reached XP level 3. HP: 29/29 MP: 6/6
  1759 | D:2      | Reached XP level 4. HP: 35/35 MP: 8/8
  1821 | D:2      | Found a shattered altar of Ashenzari.
  1939 | D:2      | Found an opulent altar of Gozag.
  2090 | D:2      | Found a sacrificial altar of Ru.
  2302 | D:3      | Noticed Ijyb
  2320 | D:3      | Killed Ijyb
  2320 | D:3      | Reached skill level 4 in Charms
  2560 | D:3      | Learned a level 2 spell: Song of Slaying
  2614 | D:3      | Found an opulent altar of Gozag.
  2792 | D:3      | Reached skill level 1 in Translocations
  2799 | D:3      | Found a sparkling altar of Nemelex Xobeh.
  2829 | D:3      | Found a glowing golden altar of the Shining One.
  2980 | D:3      | Found a runed door.
  3182 | D:3      | Noticed Crazy Yiuf
  3203 | D:3      | Slain by Crazy Yiuf

Vault maps used:
D:1:      dpeg_arrival_orchard, serial_bayou_lake_a
D:2:      nicolae_ru_path_of_blood, lemuel_crystal_altar, minmay_hedge_maze,
          nicolae_gozag_seed_capital
D:3:      lemuel_round_altar, nicolae_overflow_hidden_temple, tso_metal_star,
          uniq_crazy_yiuf_cottage, uniq_ijyb

Skill      XL: |  1  2  3  4 |
---------------+-------------+-----
Long Blades    | 3 |  3.4
Fighting       | 3 |  3.7
Spellcasting   | 3 |  3.0
Charms         | 4 |  4.0
Translocations | 1 |  1.0
Armour         | |  1.2
Dodging        | |  2.1

Action                   |  1- 3 |  4- 6 || total
-------------------------+-------+-------++-------
Melee: Falchion          |   109 |    90 ||   199
 Cast: Infusion          |     4 |     6 ||    10
       Shroud of Golubri |     1 |     1 ||     2
 Abil: Hop               |     1 |       ||     1
  Eat: Chunk             |     3 |     5 ||     8
Armor: Leather armour    |    20 |    21 ||    41
Dodge: Dodged            |    75 |    59 ||   134
       Rpst.: Falchion   |    28 |    18 ||    46
